 Dungeon Crawl Stone Soup version 0.23-b1-3-gdda8187 (webtiles) character file.

Game seed: 11297682822565760575

529 Hylith the Chopper (level 7, 0/61 HPs)
             Began as a Hill Orc Fighter on Jan 31, 2019.
             Slain by an ogre
             ... wielding a +0 giant club
              (12 damage)
             ... on level 4 of the Dungeon.
             The game lasted 00:09:43 (3025 turns).

Hylith the Chopper (Hill Orc Fighter)               Turns: 3025, Time: 00:09:44

Health: 0/61       AC: 11    Str: 21    XL:     7   Next: 24%
Magic:  0/7        EV:  5    Int:  8    God:
Gold:   251        SH:  9    Dex: 10    Spells: 6/6 levels left

rFire    . . .     SeeInvis .   y - -2 long sword (curse)
rCold    . . .     Gourm    .   c - +0 shield
rNeg     . . .     Faith    .   u - +0 chain mail
rPois    .         Spirit   +   v - +1 helmet
rElec    .         Reflect  .   (no cloak)
rCorr    .         Harm     .   (no gloves)
MR       +....                  (no boots)
Stlth    ..........             i - amulet of guardian spirit
HPRegen  0.20/turn              p - ring of stealth
MPRegen  0.10/turn              s - ring of protection from magic

@: no status effects
A: no striking features
a: no special abilities


You were on level 4 of the Dungeon.
You were not hungry.

You visited 1 branch of the dungeon, and saw 4 of its levels.

You collected 251 gold pieces.

Inventory:

Hand Weapons
 a - a +0 war axe
 y - a cursed -2 long sword (weapon)
Armour
 c - a +0 shield (worn)
 u - a +0 chain mail (worn)
 v - a +1 helmet (worn)
Jewellery
 h - an uncursed ring of poison resistance
 i - an amulet of guardian spirit (around neck)
 k - an uncursed ring of see invisible
 p - a ring of stealth (left hand)
 s - a ring of protection from magic (right hand)
 t - an uncursed ring of protection from cold
 x - a -3 ring of evasion
Wands
 r - a wand of random effects (27)
Scrolls
 e - a scroll of enchant weapon {unknown}
 g - a scroll of fog {unknown}
 j - 2 scrolls of teleportation
 l - a scroll of enchant armour
 n - 4 scrolls of identify
 o - a scroll of amnesia
Potions
 b - a potion of agility
 d - a potion of might
 m - a potion of magic {unknown}
 q - a potion of mutation {unknown}
 w - 2 potions of heal wounds {unknown}
Comestibles
 f - 6 rations


   Skills:
 * Level 5.1 Fighting
 * Level 7.9 Axes
 + Level 4.0 Armour
 + Level 0.5 Dodging
 + Level 4.4 Shields


You had 6 spell levels left.
You didn't know any spells.
Your spell library was empty.

Dungeon Overview and Level Annotations

Branches:
Dungeon (4/15)
 Temple: D:4-7

Altars:
Makhleb
Ru
Sif Muna
Trog

Annotations:
D:3 Blork the orc


Message History

You block the ogre's attack.
You hit the ogre.
The ogre is heavily wounded.
The ogre barely misses you.
You riposte.
You completely miss the ogre.
The ogre is heavily wounded.
You hit the ogre but do no damage.
The ogre is heavily wounded.
The ogre hits you with a +0 giant club!
The ogre hits you with a +0 giant club!!
You hit the ogre but do no damage.
The ogre is heavily wounded.
The ogre hits you with a +0 giant club!!
* * * LOW HITPOINT WARNING * * *
You slash the ogre!
The ogre is almost dead.
You block the ogre's attack.
You completely miss the ogre.
The ogre is almost dead.
The ogre hits you with a +0 giant club!
You die...

#....O.....#.........#.##
#..........#...#####.#†#
#.%........).....# #.#.#
#..........#.....# #.#.#
########'#...#.### #.#.#
#s#.#.#.#####.#.#
#S#.#.#.##......#
#O#.#<#.##.##.#.#
#@#...#.##.##...#
#.#.#.#.##.####+#
#.#.#.............
#.#.#......###....
#...#........# ..
##...##.#####.#
#..........# .#
#........#.# #
#######..####..#.#


You could see an ogre, a scorpion and an adder.

Vanquished Creatures
  2 ogres (D:4)
  A water moccasin skeleton (D:3)
  2 howler monkeys (D:4)
  A centaur skeleton (D:4)
  A hound (D:2)
  2 orc wizards (D:3)
  3 adders
  An ooze (D:2)
  2 worms (D:2)
  3 dart slugs
  A leopard gecko (D:3)
  14 orcs
  A ball python (D:3)
  15 giant cockroaches
  4 goblins
  6 hobgoblins
  3 jackals (D:2)
  3 quokkas
  A ball python skeleton (D:4)
  8 bats
  A frilled lizard (D:1)
  5 kobolds
  7 rats
87 creatures vanquished.

Notes
Turn   | Place    | Note
-------+----------+-------------------------------------------
     0 | D:1      | Hylith the Hill Orc Fighter began the quest for the Orb.
     0 | D:1      | Reached XP level 1. HP: 19/19 MP: 1/1
   309 | D:1      | Reached XP level 2. HP: 27/27 MP: 2/2
   381 | D:1      | Reached skill level 3 in Axes
   895 | D:2      | Found a bloodstained altar of Trog.
   921 | D:2      | Reached XP level 3. HP: 32/33 MP: 1/3
  1042 | D:2      | Reached skill level 4 in Axes
  1366 | D:2      | Reached XP level 4. HP: 40/40 MP: 4/4
  1480 | D:2      | Found a burning altar of Makhleb.
  1874 | D:3      | Found a sacrificial altar of Ru.
  1931 | D:3      | Reached skill level 5 in Axes
  2066 | D:3      | Reached XP level 5. HP: 40/46 MP: 5/5
  2265 | D:3      | Reached skill level 6 in Axes
  2265 | D:3      | Reached XP level 6. HP: 53/53 MP: 6/6
  2293 | D:3      | Noticed Blork the orc
  2301 | D:3      | Found a deep blue altar of Sif Muna.
  2881 | D:4      | Reached skill level 7 in Axes
  2886 | D:4      | Reached skill level 5 in Fighting
  2922 | D:4      | Reached XP level 7. HP: 61/61 MP: 7/7
  3025 | D:4      | Slain by an ogre

Skill      XL: |  1  2  3  4  5  6  7 |
---------------+----------------------+-----
Axes           | 3 4 5 6 7 |  7.9
Fighting       | 4 5 |  5.1
Shields        | 4 |  4.4
Armour         | 4 |  4.0
Dodging        | |  0.5

Action                   |  1- 3 |  4- 6 |  7- 9 || total
-------------------------+-------+-------+-------++-------
Melee: War axe           |   109 |   205 |    12 ||   326
       Long sword        |       |       |     8 ||     8
  Use: Scroll            |       |     5 |       ||     5
  Eat: Chunk             |     1 |     3 |       ||     4
       Ration            |       |     1 |       ||     1
Armor: Scale mail        |    12 |       |       ||    12
       Chain mail        |    44 |    97 |     3 ||   144
Dodge: Dodged            |    23 |    47 |     4 ||    74
Block: Shield            |    64 |   109 |    10 ||   183
       Rpst.: Long sword |       |       |     1 ||     1
